TOP OF THE 1ST |
Jackson Generals batting - Pitching for Chattanooga Lookouts : RHP Matthew Lange
|
Pitching: RHP Matthew Lange
|
|
Batting: RHB Sean Peake
|
0-0: Foul Ball, location: 2F 0-1: Called Strike 0-2: Foul Ball, location: 2F 0-2: Foul Ball, location: 2F 0-2: Foul Ball, location: 2F 0-2: Foul Ball, location: 2F 0-2: Strikes out looking
|
Batting: RHB Josh Ruhl
|
0-0: Ball 1-0: Ground out 5-3 (Groundball, 56, EV 105.0 MPH)
|
Batting: LHB Tom Reynolds
|
0-0: Called Strike 0-1: Foul Ball, location: 2F 0-2: Ball 1-2: Strikes out looking
|
Top of the 1st over - 0 runs, 0 hits, 0 errors, 0 left on base; Jackson 0 - Chattanooga 0 |
BOTTOM OF THE 1ST |
Chattanooga Lookouts batting - Pitching for Jackson Generals : LHP Matt Lee
|
Pitching: LHP Matt Lee
|
|
Batting: RHB J.J. Powers
|
0-0: Ball 1-0: Foul Ball, location: 2F 1-1: Ball 2-1: SINGLE (Groundball, 25, EV 71.2 MPH) (infield hit)
|
Batting: RHB Jesse Scott
|
0-0: Called Strike 0-1: Ball 1-1: Called Strike 1-2: Ball 2-2: Foul Ball, location: 2F 2-2: Ball 3-2: Foul Ball, location: 2F 3-2: Fly out, F7 (Line Drive, 78M, EV 90.6 MPH)
|
Batting: LHB Chaim Huting
|
0-0: Ball J.J. Powers steals 2nd base 1-0: Ground out 4-3 (Groundball, 4, EV 82.5 MPH) J.J. Powers to third
|
Batting: RHB Miguel Diaz
|
0-0: Ball 1-0: Ball 2-0: Ball 3-0: Base on Balls
|
Batting: RHB Matt Dunn
|
0-0: Ball 1-0: Swinging Strike 1-1: Ball 2-1: Swinging Strike 2-2: Strikes out swinging
|
Bottom of the 1st over - 0 runs, 1 hit, 0 errors, 2 left on base; Jackson 0 - Chattanooga 0 |
TOP OF THE 2ND |
Jackson Generals batting - Pitching for Chattanooga Lookouts : RHP Matthew Lange
|
Batting: RHB Robby Cuellar
|
0-0: Ball 1-0: Ball 2-0: Fly out, F9 (Flyball, 9, EV 94.4 MPH)
|
Batting: LHB Jawad Fahad
|
0-0: Called Strike 0-1: Ball 1-1: Ball 2-1: DOUBLE (Line Drive, 7LM, EV 86.2 MPH)
|
Batting: SHB Jose Castillo
|
0-0: Ball 1-0: Ball 2-0: SINGLE (Line Drive, 9S, EV 110.0 MPH) Jawad Fahad to third Runner from 3rd tries for Home, throw by RF and OUT! 9-2 Jose Castillo to second
|
Batting: RHB Joe Stading
|
0-0: Ball 1-0: Ground out 5-3 (Groundball, 5L, EV 104.4 MPH)
|
Top of the 2nd over - 0 runs, 2 hits, 0 errors, 1 left on base; Jackson 0 - Chattanooga 0 |
BOTTOM OF THE 2ND |
Chattanooga Lookouts batting - Pitching for Jackson Generals : LHP Matt Lee
|
Batting: RHB Manuel Juarez
|
0-0: Ball 1-0: Ball 2-0: Ball 3-0: Called Strike 3-1: Base on Balls
|
Batting: RHB Cyril Husson
|
0-0: Fly out, F6 (Popup, 6D, EV 70.0 MPH)
|
Batting: SHB Ian Thompson
|
0-0: Fielders Choice at 2nd, 6-4 (Groundball, 6S, EV 88.8 MPH)
|
Batting: LHB Matt Robertson
|
0-0: Ball 1-0: Ball 2-0: Swinging Strike 2-1: Called Strike 2-2: Ball 3-2: Base on Balls Ian Thompson to second
|
Batting: RHB J.J. Powers
|
0-0: Called Strike 0-1: Ball 1-1: Foul Ball, location: 2F 1-2: Foul Ball, location: 2F 1-2: Ground out 4-3 (Groundball, 4, EV 105.6 MPH)
|
Bottom of the 2nd over - 0 runs, 0 hits, 0 errors, 2 left on base; Jackson 0 - Chattanooga 0 |
TOP OF THE 3RD |
Jackson Generals batting - Pitching for Chattanooga Lookouts : RHP Matthew Lange
|
Batting: RHB Clay Statum
|
0-0: Called Strike 0-1: Swinging Strike 0-2: Foul Ball, location: 2F 0-2: Ball 1-2: Ground out 6-3 (Groundball, 56, EV 102.5 MPH)
|
Batting: LHB Adam Lancaster
|
0-0: Ball 1-0: Swinging Strike 1-1: Swinging Strike 1-2: Ball 2-2: Strikes out swinging
|
Batting: RHB Sean Peake
|
0-0: Called Strike 0-1: Ball 1-1: Ball 2-1: Foul Ball, location: 2F 2-2: Foul Ball, location: 2F 2-2: Strikes out looking
|
Top of the 3rd over - 0 runs, 0 hits, 0 errors, 0 left on base; Jackson 0 - Chattanooga 0 |
BOTTOM OF THE 3RD |
Chattanooga Lookouts batting - Pitching for Jackson Generals : LHP Matt Lee
|
Batting: RHB Jesse Scott
|
0-0: Ball 1-0: Foul Ball, location: 2F 1-1: Ball 2-1: Ball 3-1: Foul Ball, location: 2F 3-2: Base on Balls
|
Batting: LHB Chaim Huting
|
0-0: Called Strike Jesse Scott steals 2nd base 0-1: Ball 1-1: Ball 2-1: Swinging Strike 2-2: Ball 3-2: Strikes out looking
|
Batting: RHB Miguel Diaz
|
0-0: Ball 1-0: Called Strike Jesse Scott steals 3rd base 1-1: Foul Ball, location: 2F 1-2: Ball 2-2: Foul Ball, location: 2F 2-2: Ball 3-2: SINGLE (Line Drive, 4D, EV 96.9 MPH) Jesse Scott scores
|
Batting: RHB Matt Dunn
|
0-0: Called Strike 0-1: Called Strike 0-2: Ball 1-2: Ball 2-2: Fielders Choice at 2nd, 5-4 (Groundball, 56S, EV 79.4 MPH)
|
Batting: RHB Manuel Juarez
|
0-0: Called Strike Matt Dunn steals 2nd base 0-1: Foul Ball, location: 2F 0-2: Ball 1-2: Foul Ball, location: 2F 1-2: Ball 2-2: Ball 3-2: DOUBLE (Line Drive, 89D, EV 104.4 MPH) Matt Dunn scores
|
Batting: RHB Cyril Husson
|
0-0: Foul Ball, location: 2F 0-1: Ball 1-1: Swinging Strike 1-2: Foul Ball, location: 2F 1-2: Fly out, F4 (Flyball, 34D, EV 94.4 MPH)
|
Bottom of the 3rd over - 2 runs, 2 hits, 0 errors, 1 left on base; Jackson 0 - Chattanooga 2 |
TOP OF THE 4TH |
Jackson Generals batting - Pitching for Chattanooga Lookouts : RHP Matthew Lange
|
Batting: RHB Josh Ruhl
|
0-0: Ball 1-0: Reached via error on a dropped throw from SS, E3 (Groundball, 6, EV 77.5 MPH)
|
Batting: LHB Tom Reynolds
|
0-0: Called Strike Josh Ruhl is caught stealing 2nd base 2-6 0-1: Ground out 4-3 (Groundball, 4S, EV 80.0 MPH)
|
Batting: RHB Robby Cuellar
|
0-0: Fly out, F4 (Popup, 4MD, EV 50.6 MPH)
|
Top of the 4th over - 0 runs, 0 hits, 1 error, 0 left on base; Jackson 0 - Chattanooga 2 |
BOTTOM OF THE 4TH |
Chattanooga Lookouts batting - Pitching for Jackson Generals : LHP Matt Lee
|
Batting: SHB Ian Thompson
|
0-0: Called Strike 0-1: Ground out 6-3 (Groundball, 6, EV 102.5 MPH)
|
Pitching: RHP Jamie Johnston
|
|
Batting: LHB Matt Robertson
|
0-0: SOLO HOME RUN (Flyball, 9D, EV 99.4 MPH), Distance : 379 ft
|
Batting: RHB J.J. Powers
|
0-0: Called Strike 0-1: Swinging Strike 0-2: Strikes out swinging
|
Batting: RHB Jesse Scott
|
0-0: Ball 1-0: Ball 2-0: SINGLE (Line Drive, 34, EV 98.8 MPH)
|
Batting: LHB Chaim Huting
|
0-0: Ball Jesse Scott is caught stealing 2nd base 2-6
|
Bottom of the 4th over - 1 run, 2 hits, 0 errors, 0 left on base; Jackson 0 - Chattanooga 3 |
TOP OF THE 5TH |
Jackson Generals batting - Pitching for Chattanooga Lookouts : RHP Matthew Lange
|
Batting: LHB Jawad Fahad
|
0-0: Ball 1-0: Ball 2-0: Foul Ball, location: 2F 2-1: Ball 3-1: Ground out 4-3 (Groundball, 4, EV 85.6 MPH)
|
Batting: SHB Jose Castillo
|
0-0: Ball 1-0: Ball 2-0: Called Strike 2-1: Ball 3-1: Base on Balls
|
Batting: RHB Joe Stading
|
0-0: Called Strike Jose Castillo steals 2nd base 0-1: Ball 1-1: Ball 2-1: Fly out, F8 (Flyball, 8LS, EV 76.9 MPH)
|
Batting: RHB Clay Statum
|
0-0: Ball 1-0: Called Strike 1-1: Swinging Strike 1-2: Ball 2-2: Ball 3-2: Strikes out swinging
|
Top of the 5th over - 0 runs, 0 hits, 0 errors, 1 left on base; Jackson 0 - Chattanooga 3 |
BOTTOM OF THE 5TH |
Chattanooga Lookouts batting - Pitching for Jackson Generals : RHP Jamie Johnston
|
Batting: LHB Chaim Huting
|
0-0: Called Strike 0-1: Foul Ball, location: 2F 0-2: Fly out, F7 (Flyball, 78D, EV 98.8 MPH)
|
Batting: RHB Miguel Diaz
|
0-0: Called Strike 0-1: Ball 1-1: Ball 2-1: Fly out, F8 (Flyball, 8RD, EV 105.6 MPH)
|
Batting: RHB Matt Dunn
|
0-0: Foul Ball, location: 2F 0-1: Foul Ball, location: 2F 0-2: Ball 1-2: Ball 2-2: Foul Ball, location: 2F 2-2: Foul Ball, location: 2F 2-2: Foul Ball, location: 2F 2-2: Foul Ball, location: 2F 2-2: Foul Ball, location: 2F 2-2: SINGLE (Groundball, 25, EV 65.6 MPH) (infield hit)
|
Batting: RHB Manuel Juarez
|
0-0: Ball Matt Dunn steals 2nd base (no throw) 1-0: Ball Matt Dunn steals 3rd base 2-0: Foul Ball, location: 2F 2-1: Ball 3-1: Ground out 5-3 (Groundball, 5S, EV 66.9 MPH)
|
Bottom of the 5th over - 0 runs, 1 hit, 0 errors, 1 left on base; Jackson 0 - Chattanooga 3 |
TOP OF THE 6TH |
Jackson Generals batting - Pitching for Chattanooga Lookouts : RHP Matthew Lange
|
Batting: LHB Adam Lancaster
|
0-0: Called Strike 0-1: Ball 1-1: Ground out 4-3 (Groundball, 4S, EV 68.1 MPH)
|
Batting: RHB Sean Peake
|
0-0: Called Strike 0-1: Ball 1-1: Called Strike 1-2: Ground out 5-3 (Groundball, 56, EV 91.9 MPH)
|
Batting: RHB Josh Ruhl
|
0-0: Ball 1-0: Called Strike 1-1: Ground out 5-3 (Groundball, 5, EV 84.4 MPH)
|
Top of the 6th over - 0 runs, 0 hits, 0 errors, 0 left on base; Jackson 0 - Chattanooga 3 |
BOTTOM OF THE 6TH |
Chattanooga Lookouts batting - Pitching for Jackson Generals : RHP Jamie Johnston
|
Batting: RHB Cyril Husson
|
0-0: Ball 1-0: Ball 2-0: Swinging Strike 2-1: Ball 3-1: Base on Balls
|
Batting: SHB Ian Thompson
|
0-0: Called Strike 0-1: Called Strike Cyril Husson steals 2nd base 0-2: Ball 1-2: Ball 2-2: Strikes out looking
|
Pitching: RHP Ian Gaines
|
|
Batting: LHB Matt Robertson
|
0-0: Called Strike Cyril Husson steals 3rd base 0-1: Ball 1-1: Ground out 4-3 (Groundball, 4, EV 103.1 MPH)
|
Batting: RHB J.J. Powers
|
0-0: Called Strike 0-1: Swinging Strike 0-2: Foul Ball, location: 2F 0-2: Ball 1-2: Ball 2-2: Ball 3-2: Base on Balls
|
Batting: RHB Jesse Scott
|
0-0: Hit by Pitch J.J. Powers to second
|
Batting: LHB Chaim Huting
|
0-0: Ball 1-0: Called Strike 1-1: Foul Ball, location: 2F 1-2: Ball 2-2: DOUBLE (Line Drive, 7LM, EV 95.6 MPH) Cyril Husson scores J.J. Powers scores Jesse Scott to third Runner from 3rd tries for Home, throw by LF and OUT! 7-6-2
|
Bottom of the 6th over - 2 runs, 1 hit, 0 errors, 1 left on base; Jackson 0 - Chattanooga 5 |
TOP OF THE 7TH |
Jackson Generals batting - Pitching for Chattanooga Lookouts : RHP Matthew Lange
|
Batting: LHB Tom Reynolds
|
0-0: Swinging Strike 0-1: Swinging Strike 0-2: Ball 1-2: Ground out U3 (Groundball, 3, EV 107.5 MPH)
|
Batting: RHB Robby Cuellar
|
0-0: Ball 1-0: Swinging Strike 1-1: Ground out 4-3 (Groundball, 34, EV 97.5 MPH)
|
Batting: LHB Jawad Fahad
|
0-0: Foul Ball, location: 2F 0-1: Ball 1-1: SINGLE (Line Drive, 56D, EV 94.4 MPH)
|
Batting: SHB Jose Castillo
|
0-0: Ball Jawad Fahad steals 2nd base 1-0: Ball 2-0: Ground out 6-3 (Groundball, 6M, EV 91.2 MPH)
|
Top of the 7th over - 0 runs, 1 hit, 0 errors, 1 left on base; Jackson 0 - Chattanooga 5 |
BOTTOM OF THE 7TH |
Chattanooga Lookouts batting - Pitching for Jackson Generals : RHP Ian Gaines
|
Batting: RHB Miguel Diaz
|
0-0: Called Strike 0-1: Fly out, F8 (Line Drive, 8LD, EV 109.4 MPH)
|
Batting: RHB Matt Dunn
|
0-0: Ball 1-0: Ball 2-0: Ball 3-0: Swinging Strike 3-1: Base on Balls
|
Batting: RHB Manuel Juarez
|
0-0: Called Strike 0-1: Called Strike 0-2: Ball 1-2: Foul Ball, location: 2F 1-2: Strikes out swinging
|
Batting: RHB Cyril Husson
|
0-0: Called Strike 0-1: Called Strike 0-2: Ball 1-2: 2-RUN HOME RUN (Flyball, 78XD, EV 99.4 MPH), Distance : 400 ft
|
Pinch Hitting: LHB Steve Roepke
|
0-0: Fly out, F7 (Flyball, 78S, EV 94.4 MPH)
|
Bottom of the 7th over - 2 runs, 1 hit, 0 errors, 0 left on base; Jackson 0 - Chattanooga 7 |
TOP OF THE 8TH |
Jackson Generals batting - Pitching for Chattanooga Lookouts : RHP Matthew Lange
|
Now in RF: Steve Roepke
|
|
Batting: RHB Joe Stading
|
0-0: Called Strike 0-1: Foul Ball, location: 2F 0-2: Strikes out swinging
|
Batting: RHB Clay Statum
|
0-0: Foul Ball, location: 2F 0-1: Ball 1-1: Ball 2-1: DOUBLE (Flyball, 8LXD, EV 105.0 MPH)
|
Batting: LHB Adam Lancaster
|
0-0: Ball 1-0: Called Strike 1-1: Ball 2-1: Called Strike 2-2: Foul Ball, location: 2F 2-2: Ball 3-2: Strikes out swinging
|
Batting: RHB Sean Peake
|
0-0: Ball 1-0: Swinging Strike 1-1: Foul Ball, location: 2F 1-2: Ball 2-2: Fly out, F4 (Popup, 3D, EV 44.4 MPH)
|
Top of the 8th over - 0 runs, 1 hit, 0 errors, 1 left on base; Jackson 0 - Chattanooga 7 |
BOTTOM OF THE 8TH |
Chattanooga Lookouts batting - Pitching for Jackson Generals : RHP Ian Gaines
|
Batting: LHB Matt Robertson
|
0-0: Ball 1-0: Ball 2-0: Swinging Strike 2-1: Foul Ball, location: 2F 2-2: Ball 3-2: Strikes out swinging
|
Batting: RHB J.J. Powers
|
0-0: Called Strike 0-1: Ball 1-1: Ball 2-1: Ball 3-1: Base on Balls
|
Batting: RHB Jesse Scott
|
0-0: Ball J.J. Powers steals 2nd base 1-0: Ball 2-0: Foul Ball, location: 2F 2-1: Ball 3-1: Called Strike 3-2: SINGLE (Line Drive, 6M, EV 98.8 MPH) J.J. Powers to third Runner from 3rd tries for Home, throw by CF and OUT! 8-2
|
Pitching: LHP Alex Villagran
|
|
Batting: LHB Chaim Huting
|
0-0: Called Strike Jesse Scott steals 2nd base 0-1: Called Strike 0-2: Ball 1-2: Fly out, F5 (Popup, 15, EV 76.9 MPH)
|
Bottom of the 8th over - 0 runs, 1 hit, 0 errors, 1 left on base; Jackson 0 - Chattanooga 7 |
TOP OF THE 9TH |
Jackson Generals batting - Pitching for Chattanooga Lookouts : RHP Matthew Lange
|
Batting: RHB Josh Ruhl
|
0-0: Ball 1-0: Foul Ball, location: 2F 1-1: Called Strike 1-2: Ball 2-2: Foul Ball, location: 2F 2-2: Ground out 5-3 (Groundball, 56, EV 84.4 MPH)
|
Batting: LHB Tom Reynolds
|
0-0: Called Strike 0-1: Foul Ball, location: 2F 0-2: Foul Ball, location: 2F 0-2: Ball 1-2: Ball 2-2: Foul Ball, location: 2F 2-2: Foul Ball, location: 2F 2-2: Fly out, F7 (Flyball, 7, EV 81.9 MPH)
|
Batting: RHB Robby Cuellar
|
0-0: Ball 1-0: Fly out, F9 (Flyball, 89M, EV 97.5 MPH)
|
Top of the 9th over - 0 runs, 0 hits, 0 errors, 0 left on base; Jackson 0 - Chattanooga 7 |
|